Map: Jagannatha LE

Players

PiLiPiLi - Winner!

  • Race: Protoss Protoss
  • League: Grandmaster

Nina

  • Race: Protoss Protoss
  • League: Grandmaster

Event: DreamHack SC2 Masters 2021 Summer

VOD

Have the link to the VOD?

Description

Time

  • Played on: May 25, 2021, 4:32 p.m.
  • Length: 9:48

All games in this series

Show
View Real Time Build Order
Export as new Build Order

PiLiPiLi Protoss - Winner!

Build Orders: Oracle Opening 

Get SALT Encoding   

  12  0:00  Probe  
  13  0:12  Probe  
  14  0:17  Pylon  
  14  0:24  Probe (Chrono Boost)  
  15  0:36  Probe (Chrono Boost)  
  15  0:37  Gateway  
  16  0:45  Probe (Chrono Boost)  
  16  0:46  Assimilator  
  17  0:51  Probe  
  17  0:55  Assimilator  
  18  1:03  Probe (Chrono Boost)  
  19  1:08  Gateway  
  19  1:15  Probe (Chrono Boost)  
  20  1:23  Probe (Chrono Boost)  
  21  1:26  Cybernetics Core  
  21  1:29  Probe  
  22  1:38  Pylon  
  22  1:41  Probe  
  23  1:56  Probe  
  24  2:05  Stalker x2, Warp Gate  
  28  2:15  Pylon  
  28  2:18  Probe  
  29  2:30  Stargate  
  29  2:37  Stalker  
  29  2:44  Stalker  
  32  2:46  Probe  
  33  3:10  Nexus  
  33  3:16  Oracle (Chrono Boost)  
  36  3:23  Probe  
  37  3:27  Pylon  
  37  3:40  Probe  
  38  3:43  Twilight Council  
  38  3:52  Probe  
  38  3:53  Oracle (Chrono Boost)  
  42  4:05  Probe  
  41  4:10  Adept x2  
  46  4:17  Probe  
  46  4:24  Blink (Chrono Boost)  
  46  4:27  Probe  
  46  4:29  Probe  
  45  4:39  Probe, Shield Battery  
  45  4:41  Probe  
  47  4:51  Probe  
  46  4:53  Probe  
  45  5:03  Probe  
  45  5:05  Probe  
  47  5:10  Stalker x2  
  47  5:13  Gateway x2  
  48  5:15  Probe  
  48  5:16  Pylon  
  48  5:17  Probe  
  48  5:20  Robotics Facility  
  50  5:28  Probe  
  51  5:29  Probe  
  51  5:34  Pylon  
  52  5:35  Stalker  
  52  5:36  Stalker  
  52  5:42  Probe x2  
  58  5:47  Assimilator  
  58  5:56  Nexus  
  58  5:58  Probe  
  58  5:59  Probe  
  58  6:03  Stalker  
  62  6:08  Observer (Chrono Boost), Stalker  
  62  6:10  Probe  
  66  6:11  Probe  
  67  6:19  Pylon  
  67  6:22  Probe  
  68  6:28  Stalker x3  
  68  6:32  Pylon  
  74  6:33  Probe  
  74  6:37  Stalker  
  77  6:41  Gateway  
  75  6:52  Stalker  
  75  6:53  Stalker x2  
  80  6:58  Probe x2, Pylon  
  82  7:06  Gateway  
  82  7:08  Warp Prism (Chrono Boost)  
  84  7:20  Gateway  
  84  7:21  Probe  
  84  7:22  Probe  
  86  7:23  Probe  
  86  7:24  Pylon  
  87  7:33  Probe  
  88  7:40  Stalker x2  
  73  7:52  Gateway  
  73  7:56  Gateway  
  64  8:12  Shield Battery  
  64  8:13  Shield Battery  
  64  8:15  Shield Battery  
  64  8:17  Shield Battery  
  51  8:33  Pylon  
  44  8:36  Pylon  
  44  8:42  Probe x2  
  44  8:44  Pylon  
  32  8:58  Probe  
  32  9:00  Stalker x2  
  16  9:29  Stalker  
Show
View Real Time Build Order
Export as new Build Order

Nina Protoss 

Build Orders: Phoenix Opening 

Get SALT Encoding   

  12  0:00  Probe  
  13  0:12  Probe  
  14  0:17  Pylon  
  14  0:25  Probe  
  15  0:37  Probe (Chrono Boost), Gateway  
  16  0:48  Probe (Chrono Boost), Assimilator  
  17  0:53  Probe (Chrono Boost)  
  18  1:01  Assimilator  
  18  1:04  Probe (Chrono Boost)  
  19  1:14  Gateway  
  19  1:16  Probe (Chrono Boost)  
  20  1:21  Probe (Chrono Boost)  
  21  1:27  Cybernetics Core  
  21  1:30  Probe  
  22  1:42  Probe, Pylon  
  23  2:00  Probe  
  24  2:03  Stalker x2  
  24  2:04  Warp Gate  
  28  2:12  Probe  
  28  2:14  Pylon  
  29  2:20  Pylon  
  29  2:25  Probe  
  30  2:33  Stalker  
  32  2:37  Stalker  
  32  2:40  Probe  
  35  2:52  Probe  
  35  2:53  Pylon  
  36  3:04  Probe  
  36  3:05  Sentry  
  39  3:11  Sentry  
  41  3:20  Nexus  
  41  3:24  Shield Battery  
  42  3:27  Probe  
  40  3:38  Pylon  
  40  3:39  Probe  
  41  3:47  Phoenix  
  41  3:51  Stalker  
  41  3:52  Sentry  
  41  3:53  Probe  
  46  4:00  Forge  
  46  4:09  Twilight Council  
  47  4:15  Stalker  
  46  4:21  Probe  
  42  4:35  Probe  
  43  4:40  Probe  
  44  4:47  Probe  
  44  4:52  Probe  
  45  4:59  Probe  
  43  5:02  Stalker x2  
  46  5:08  Probe (Chrono Boost)  
  46  5:13  Blink (Chrono Boost)  
  48  5:16  Probe (Chrono Boost)  
  48  5:24  Probe (Chrono Boost)  
  48  5:27  Probe (Chrono Boost)  
  50  5:29  Probe (Chrono Boost)  
  51  5:36  Protoss Ground Weapons Level 1  
  51  5:37  Probe (Chrono Boost)  
  51  5:40  Probe (Chrono Boost)  
  53  5:47  Adept x2  
  53  5:48  Probe (Chrono Boost)  
  58  5:50  Probe (Chrono Boost)  
  58  5:53  Probe (Chrono Boost)  
  58  5:56  Probe  
  60  5:58  Pylon  
  60  6:03  Probe  
  62  6:09  Probe, Stalker  
  65  6:13  Stalker  
  65  6:15  Probe  
  68  6:21  Probe  
  68  6:24  Photon Cannon  
  67  6:27  Probe  
  68  6:33  Probe  
  68  6:35  Stalker  
  68  6:36  Stalker  
  74  6:40  Probe  
  74  6:53  Probe, Nexus  
  71  6:56  Assimilator  
  71  6:59  Gateway  
  71  7:09  Stalker x2  
  71  7:12  Pylon  
  71  7:14  Gateway  
  75  7:18  Gateway  
  75  7:22  Gateway  
  71  7:34  Stalker x2  
  62  7:58  Stalker x3  
  52  8:08  Stalker  
  32  8:31  Probe  
  27  9:03  Pylon  
  21  9:27  Stalker  
  21  9:30  Stalker  
Tags
 
Add a new tag
Caveats
  • Supply blocks, unpowered buildings, or Contaminate may cause inaccurate times.
  • Supply counts are checked every 10 seconds.